 Dungeon Crawl Stone Soup version 0.23.0-38-g208d714 (webtiles) character file.

Game seed: 0

84 Fang the Skirmisher (level 4, -3/29 HPs)
             Began as a Gargoyle Berserker on Feb 27, 2019.
             Was a Believer of Trog.
             Shot with an arrow by a centaur (9 damage)
             ... on level 3 of the Dungeon.
             The game lasted 00:02:01 (1833 turns).

Fang the Skirmisher (Gargoyle Berserker)            Turns: 1833, Time: 00:02:01

Health: -3/29      AC: 12    Str: 22    XL:     4   Next: 46%
Magic:  4/4        EV:  8    Int:  7    God:    Trog [**....]
Gold:   58         SH:  0    Dex:  9    Spells: 3/3 levels left

rFire    . . .     SeeInvis .   a - +0 hand axe
rCold    . . .     Gourm    .   (no shield)
rNeg     + . .     Faith    .   j - +0 chain mail
rPois    ∞         Spirit   .   (no helmet)
rElec    +         Reflect  .   (no cloak)
rCorr    .         Harm     .   (no gloves)
MR       .....                  (no boots)
Stlth    ..........             (no amulet)
HPRegen  0.09/turn              (no ring)
MPRegen  0.09/turn              (no ring)

@: heavily drained
A: negative energy resistance 1, electricity resistance, unbreathing,
petrification resistance, rot immunity, AC +3
a: Berserk, Trog's Hand, Renounce Religion


You were on level 3 of the Dungeon.
You worshipped Trog.
Trog was pleased with you.
You were not hungry.

You visited 1 branch of the dungeon, and saw 3 of its levels.

You collected 58 gold pieces.

Inventory:

Hand Weapons
 a - a +0 hand axe (weapon)
Armour
 j - a +0 chain mail (worn)
Scrolls
 b - a scroll of enchant weapon {unknown}
 d - 2 scrolls of identify {unknown}
 e - 2 scrolls of enchant armour {unknown}
 g - a scroll of immolation {unknown}
 h - a scroll of fear {unknown}
 k - a scroll of fog {unknown}
Comestibles
 c - 5 rations
 f - 2 chunks of flesh


   Skills:
 + Level 4.0(2.7) Fighting
 + Level 3.3(2.0) Axes
 + Level 3.1(1.8) Armour
 + Level 2.2(1.0) Dodging


You had 3 spell levels left.
You didn't know any spells.
Your spell library was empty.

Dungeon Overview and Level Annotations

Branches:
Dungeon (3/15)

Altars:
Ru


Innate Abilities, Weirdness & Mutations

You are resistant to torment.
Your stone body is resilient. (AC +3)
You are immune to poison.
You resist negative energy. (rN+)
You are resistant to electric shocks. (rElec)
You can survive without breathing.
You are immune to petrification.
You are immune to rotting.


Message History

You are too injured to fight recklessly!
You are too injured to fight recklessly!
You are too injured to fight recklessly!
You are too injured to fight recklessly!
You are too injured to fight recklessly!
You are too injured to fight recklessly!
The centaur shoots an arrow.
The arrow hits you but does no damage. The bat barely misses you.
You see here 2 arrows.
The bat hits you but does no damage.
The centaur shoots an arrow.
The arrow hits you. The rat bites you.
The centaur shoots an arrow.
The arrow hits you but does no damage.
You see here 3 arrows.
The bat barely misses you.
The centaur shoots an arrow.
The arrow hits you.
* * * LOW HITPOINT WARNING * * *
There is a stone staircase leading up here.
You see here an arrow.
The bat closely misses you. The rat bites you but does no damage.
The centaur shoots an arrow.
The arrow hits you!
You die...

..# #### ...#.
....### #.....
....$.. ....#
....... .#..#
.......##....#
..⌠.._.((....###
......b(........
.......r@.....#
..............#
..............#
.......c......#
..............#
.......%.....##
#.?..?#.....##
#############


You could see a centaur, a bat and a rat.

Vanquished Creatures
  Robin (D:2)
  An adder (D:2)
  A worm (D:2)
  5 dart slugs
  2 leopard geckos (D:1)
  3 bats
  A giant cockroach (D:2)
  16 goblins
  7 hobgoblins
  3 frilled lizards
  4 kobolds
  3 rats
47 creatures vanquished.

Notes
Turn   | Place    | Note
-------+----------+-------------------------------------------
     0 | D:1      | Fang the Gargoyle Berserker began the quest for the Orb.
     0 | D:1      | Reached XP level 1. HP: 14/14 MP: 1/1
    49 | D:1      | Reached XP level 2. HP: 12/19 MP: 2/2
   490 | D:1      | Reached XP level 3. HP: 23/23 MP: 3/3
  1307 | D:2      | Reached ** piety under Trog
  1396 | D:2      | Reached XP level 4. HP: 29/29 MP: 4/4
  1520 | D:2      | Noticed Robin
  1542 | D:2      | Killed Robin
  1551 | D:2      | Reached skill level 4 in Fighting
  1824 | D:3      | Found a sacrificial altar of Ru.
  1824 | D:3      | Noticed a centaur
  1833 | D:3      | Shot with an arrow by a centaur

Skill      XL: |  1  2  3  4 |
---------------+-------------+-----
Axes           | 3 |  3.3
Dodging        | 2 |  2.2
Armour         | 3 |  3.1
Fighting       | 4 |  4.0

Action                   |  1- 3 |  4- 6 || total
-------------------------+-------+-------++-------
Melee: Hand axe          |    98 |    54 ||   152
Invok: Berserk           |       |     1 ||     1
  Eat: Chunk             |     2 |     2 ||     4
Armor: Animal skin       |    35 |       ||    35
       Chain mail        |     8 |    49 ||    57
Dodge: Dodged            |    80 |    25 ||   105
